 Dungeon Crawl Stone Soup version 0.19-a0-734-ge18daf0 (webtiles) character file.

123351 zero the Impaler (level 16, -10/149 HPs)
             Began as a Minotaur Berserker on June 22, 2016.
             Was the Champion of Trog.
             Mangled by a mana viper (12 damage)
             ... on level 2 of the Snake Pit.
             The game lasted 01:03:59 (30960 turns).

zero the Impaler (Minotaur Berserker)              Turns: 30960, Time: 01:04:00

Health: -10/149    AC: 25    Str: 27    XL:     16   Next: 36%
Magic:  21/21      EV: 11    Int:  4    God:    Trog [******]
Gold:   1137       SH:  0    Dex: 17    Spells: 0 memorised, 15 levels left

rFire  + . .     SeeInvis .     A - +9 bardiche (pain)
rCold  . . .     Gourm    .     M - +0 plate armour
rNeg   + + .     Faith    .     (shield currently unavailable)
rPois  .         Spirit   .     (helmet restricted)
rElec  .         Dismiss  .     F - +0 cloak {MR+}
rCorr  .         Reflect  .     D - +1 pair of gloves
SustAt .         Harm     .     g - +1 pair of boots
MR     +++++                    (no amulet)
Stlth  ..........               K - ring "Urphepo" {rF+ rN+ Dex+5 Slay+2}
                                C - ring of Tidigril {rN+ MR++}

@: lethally poisoned (-10 -> -13), exhausted, regenerating, slowed, constricted,
very slow, almost entirely resistant to hostile enchantments, extremely
unstealthy
A: retaliatory headbutt, horns 2, slimy green scales 1, blurry vision 2,
deterioration 1, subdued magic 1
a: Berserk, Trog's Hand, Brothers in Arms, Burn Spellbooks, Renounce Religion


You were on level 2 of the Snake Pit.
You worshipped Trog.
Trog was exalted by your worship.
You were very hungry.

You visited 4 branches of the dungeon, and saw 25 of its levels.
You also visited: Labyrinth.

You collected 2247 gold pieces.
You spent 1110 gold pieces at shops.

Inventory:

Hand Weapons
 A - a +9 bardiche of pain (weapon)
 L - a +4 trident of venom
Missiles
 B - 3 throwing nets (quivered)
Armour
 g - a +1 pair of boots (worn)
 D - a +1 pair of gloves (worn)
 F - a +0 cloak of magic resistance (worn)
 M - a +0 plate armour (worn)
 N - a +0 large shield
Jewellery
 o - an uncursed ring of sustain attributes
 p - an uncursed ring of see invisible
 v - an uncursed ring of protection from cold
 C - the ring of Tidigril (left hand) {rN+ MR++}
   (You found it in a labyrinth)

   [ring of positive energy]

   It protects you from negative energy.
   It affects your resistance to hostile enchantments.
 K - the ring "Urphepo" (right hand) {rF+ rN+ Dex+5 Slay+2}
   (You bought it in a shop on level 2 of the Orcish Mines)

   [ring of positive energy]

   It affects your dexterity (+5).
   It affects your accuracy and damage with ranged weapons and melee attacks
   (+2).
   It protects you from fire.
   It protects you from negative energy.
 Q - an uncursed ring of protection from fire
Wands
 f - a wand of lightning (7/15)
 q - a wand of polymorph (6/24)
 t - a wand of slowing (8/48)
 y - a wand of iceblast (11/15)
 G - a wand of disintegration (9/24)
 H - a wand of acid (4/15)
 I - a wand of slowing (30/48)
 T - a wand of digging (16/24)
 V - a wand of flame (5/48)
Scrolls
 b - 3 scrolls of blinking
 d - a scroll of fog
 i - 2 scrolls of recharging
 j - 11 scrolls of remove curse
 m - 2 scrolls of enchant armour
 r - 7 scrolls of identify
 O - 2 scrolls of magic mapping
 P - 2 scrolls of fear
 R - 2 scrolls of teleportation
Potions
 a - 4 potions of invisibility
 e - 3 potions of agility
 k - 5 potions of heal wounds
 l - 2 potions of lignification
 s - a potion of cancellation {unknown}
 u - 8 potions of curing
 w - 5 potions of brilliance
 x - 6 potions of flight
 z - 2 potions of resistance
 J - 5 potions of magic
Books
 E - a book of Necromancy

   Spells                             Type                      Level
   a - Pain                           Necromancy                   1
   b - Animate Skeleton               Necromancy                   1
   c - Vampiric Draining              Necromancy                   3
   d - Regeneration                   Charms/Necromancy            3
   e - Animate Dead                   Necromancy                   4
   f - Control Undead                 Necromancy                   4
   Trog disapproves of the use of such an item.
Miscellaneous
 n - a sack of spiders
 Z - a lamp of fire
Comestibles
 c - 12 bread rations
 h - a fruit


   Skills:
 + Level 15.2 Fighting
 * Level 20.3 Polearms
 + Level 15.0 Armour
 + Level 10.1 Dodging
 - Level 10.5 Shields
 - Level 8.5 Evocations


You had 15 spell levels left.
You didn't know any spells.

Dungeon Overview and Level Annotations

Branches:
Dungeon (15/15)            Temple (0/1) D:7            Lair (6/6) D:11
 Shoals (0/4) Lair:3        Snake (2/4) Lair:3        Slime (0/5) Lair:5
    Orc (2/2) D:11            Elf (0/3) Orc:2        Vaults (0/5) D:13
 Depths (0/5) D:15

Altars:
Ashenzari
Cheibriados
Dithmenos
Gozag
Hepliaklqana
Makhleb
Nemelex Xobeh
Pakellas
Qazlal
Sif Muna
Xom
Zin
Jiyva

Shops:
D:4 *?   D:7 [   D:8 ?   D:15 }   Orc:1 ?   Orc:2 =[?[

Portals:
Trove: D:15 (give 16 scrolls of teleportation)


Innate Abilities, Weirdness & Mutations

You reflexively headbutt those who attack you in melee.
You have a pair of horns on your head.
You are partially covered in slimy green scales. (AC +2)
Scrolls take you longer to read.
Your body sometimes deteriorates upon taking damage.
Your spells are a little easier to cast, but a little less powerful.


Message History

The anaconda barely misses you. You furiously retaliate!
You headbutt the anaconda. The anaconda bites you!
* * * LOW HITPOINT WARNING * * *
Really read with blurry vision while enemies are nearby? [Y]es or [N]o only, please.
Really read with blurry vision while enemies are nearby? [Y]es or [N]o only, please.
Really read with blurry vision while enemies are nearby? [Y]es or [N]o only, please.
Really read with blurry vision while enemies are nearby?
You feel very sick. The anaconda grabs you.
The anaconda bites you but does no damage.
* * * LOW HITPOINT WARNING * * *
The anaconda constricts you.
The mana viper bites you but does no damage.
The anaconda completely misses you.
* * * LOW HITPOINT WARNING * * *
The anaconda constricts you. The mana viper bites you!
You die...

# ######.##
#####.......#...
#................
#........######## .
#.....#### ....#..#####
#..........#########
###............†S..#######
######..####.@SSS.......
#### #.##S#.#..##.
#####)†...... #.........
##..##.... 8..8 ... .....
. ..N>..# #8..8##


You could see an anaconda, 2 mana vipers and 2 black mambas.

Vanquished Creatures
  An orc warlord (Orc:1)
  Maud (Orc:2)
  Nessos (D:15)
  A deep elf annihilator (Orc:2)
  Azrael (D:13)
  Snorg (D:14)
  Josephine (Orc:2)
  A minotaur (Lab)
  6 hydras
  A centaur warrior (D:14)
  3 catoblepae (Lair:6)
  6 naga warriors
  2 death knights (D:15)
  An ogre mage (D:15)
  4 anacondas
  2 dancing weapons (D:13)
  12 death yaks
  2 tengu warriors
  3 orc high priests (Orc:2)
  2 naga sharpshooters
  7 skeletal warriors
  An unseen horror (D:13)
  3 wizards
  A giant orange brain (D:15)
  2 naga ritualists (Snake:2)
  4 phantasmal warriors
  A lindwurm (Lair:6)
  5 orc knights
  5 hill giants
  A deep elf mage (D:12)
  2 orc sorcerers
  2 mana vipers
  8 ugly things
  5 cyclopes
  A guardian serpent (Snake:2)
  3 sirens (Lair:3)
  2 manticores
  12 elephants
  A salamander (shapeshifter) (D:15)
  A salamander (Snake:2)
  11 black mambas
  An eye of devastation (shapeshifter) (D:15)
  Maurice (Orc:2)
  2 naga magi
  6 spiny frogs
  9 rime drakes
  3 komodo dragons
  An efreet (D:15)
  A queen bee (shapeshifter) (D:15)
  A tengu conjurer (D:15)
  13 trolls
  A merfolk (Lair:3)
  6 two-headed ogres
  Prince Ribbit (D:8)
  36 blink frogs
  5 slime creatures
  A meliai zombie (D:12)
  Sigmund (D:3)
  18 wyverns
  6 wraiths
  3 fire elementals (D:13)
  2 vampires
  2 redbacks (Lab)
  18 hippogriffs
  20 yaks
  A hog (shapeshifter) (D:15)
  Eustachio (D:5)
  3 basilisks
  A hungry ghost (D:11)
  2 wargs
  A mottled dragon (D:15)
  10 nagas
  5 hell hounds (D:13)
  Duvessa (D:6)
  11 porcupines
  16 water moccasins
  38 orc warriors
  A sky beast (D:12)
  4 ice beasts
  17 ogres
  3 black bears
  An eye of draining (D:14)
  3 wasps
  16 centaurs
  A necrophage (D:8)
  11 wolves
  11 crocodiles
  3 big kobolds
  15 giant frogs
  2 gnoll sergeants (D:9)
  Dowan (D:6)
  4 scorpions
  10 wights
  12 killer bees
  7 howler monkeys
  3 electric eels
  6 centaur zombies
  3 quasits
  9 crimson imps
  4 giant frog zombies
  5 jellies
  41 orc priests
  8 centaur skeletons
  2 giant frog skeletons
  13 hounds
  32 orc wizards
  16 iguanas
  12 worker ants
  29 sheep
  A hound zombie (D:9)
  A hound skeleton (D:9)
  29 gnolls
  45 river rats
  8 adders
  6 shadow imps
  An ooze (D:1)
  5 worms
  5 dart slugs
  A giant gecko (D:6)
  122 orcs
  A ball python (D:2)
  4 giant cockroaches
  8 goblins
  7 hobgoblins
  14 jackals
  5 quokkas
  5 bats
  A giant gecko skeleton (D:6)
  3 giant newts
  2 jackal zombies
  17 kobolds
  A quokka skeleton (D:5)
  6 rats
  A plant (D:14)
982 creatures vanquished.

Vanquished Creatures (collateral kills)
  2 death yaks (Lair:2)
  2 orc high priests (Orc:2)
  2 orc knights (Orc:2)
  A hill giant (D:10)
  A komodo dragon (Lair:2)
  6 orc warriors (Orc:2)
  A jelly (D:10)
  A hound (D:10)
  An orc (Orc:1)
17 creatures vanquished.

Vanquished Creatures (others)
  7 fungi
  4 plants
11 creatures vanquished.

Grand Total: 1010 creatures vanquished

Notes
Turn   | Place    | Note
--------------------------------------------------------------
     0 | D:1      | zero the Minotaur Berserker began the quest for the Orb.
     0 | D:1      | Reached XP level 1. HP: 19/19 MP: 0/0
    68 | D:1      | Reached skill level 4 in Polearms
    99 | D:1      | Reached XP level 2. HP: 18/26 MP: 1/1
   931 | D:2      | Reached skill level 5 in Polearms
   963 | D:2      | Reached XP level 3. HP: 28/31 MP: 2/2
  1055 | D:2      | Reached ** piety under Trog
  1409 | D:2      | Reached skill level 6 in Polearms
  1409 | D:2      | Reached XP level 4. HP: 39/39 MP: 3/3
  2135 | D:3      | Noticed Sigmund
  2147 | D:3      | Killed Sigmund
  2147 | D:3      | Reached skill level 8 in Polearms
  2147 | D:3      | Reached XP level 5. HP: 45/45 MP: 4/4
  2147 | D:3      | Reached XP level 6. HP: 51/51 MP: 5/5
  2379 | D:3      | Found a shadowy altar of Dithmenos.
  2383 | D:3      | Reached *** piety under Trog
  2646 | D:4      | Found a shimmering altar of Xom.
  3007 | D:4      | Found Tuczalic's Assorted Antiques.
  3386 | D:4      | Reached skill level 9 in Polearms
  3390 | D:4      | Found Gorheneu's Magic Scroll Boutique.
  3474 | D:4      | Reached XP level 7. HP: 38/57 MP: 6/6
  3789 | D:5      | Entered Level 5 of the Dungeon
  3810 | D:5      | Reached skill level 10 in Polearms
  4176 | D:5      | Noticed Eustachio
  4184 | D:5      | Killed Eustachio
  4184 | D:5      | Reached skill level 11 in Polearms
  4475 | D:5      | Found an opulent altar of Gozag.
  4544 | D:5      | Found a deep blue altar of Sif Muna.
  4590 | D:5      | Reached XP level 8. HP: 53/66 MP: 7/7
  4916 | D:6      | Noticed Dowan
  4917 | D:6      | Noticed Duvessa
  4924 | D:6      | Killed Duvessa
  4924 | D:6      | Reached skill level 1 in Shields
  4928 | D:6      | Killed Dowan
  5216 | D:6      | Reached **** piety under Trog
  5535 | D:6      | Reached skill level 5 in Fighting
  5852 | D:6      | Found an opulent altar of Gozag.
  5969 | D:7      | Reached XP level 9. HP: 60/74 MP: 8/8
  6066 | D:7      | Found a staircase to the Ecumenical Temple.
  6126 | D:7      | Found Akastru's Antique Armour Emporium.
  6141 | D:7      | Bought a runed cloak for 121 gold pieces
  6234 | D:7      | Found an opulent altar of Gozag.
  6322 | D:7      | Noticed a troll
  6332 | D:7      | Killed a troll
  6332 | D:7      | Reached skill level 12 in Polearms
  6332 | D:7      | Reached skill level 5 in Armour
  6887 | D:7      | Found a shattered altar of Ashenzari.
  6890 | D:7      | Found a glowing silver altar of Zin.
  6893 | D:7      | Found a hazy altar of Hepliaklqana.
  6977 | D:8      | Reached ***** piety under Trog
  6977 | D:8      | Reached skill level 5 in Dodging
  7058 | D:8      | Reached skill level 5 in Shields
  7324 | D:8      | Found a stormy altar of Qazlal.
  7455 | D:8      | Found Vaarpho Qim's Magic Scroll Emporium.
  7819 | D:8      | Noticed Prince Ribbit
  7829 | D:8      | Killed Prince Ribbit
  8302 | D:9      | Reached XP level 10. HP: 84/84 MP: 9/9
  8419 | D:9      | Received a gift from Trog
  8420 | D:9      | Got a bone arbalest {god gift}
  8599 | D:9      | Found a sparkling altar of Nemelex Xobeh.
  9574 | D:10     | Entered Level 10 of the Dungeon
  9596 | D:10     | Reached skill level 13 in Polearms
 10161 | D:10     | Noticed a hill giant
 10162 | D:10     | Noticed a hill giant
 10176 | D:10     | Killed a hill giant
 10176 | D:10     | Reached XP level 11. HP: 95/95 MP: 10/10
 10177 | D:10     | Killed a hill giant
 10526 | D:10     | Noticed a hill giant
 10538 | D:10     | Killed a hill giant
 10934 | D:11     | Received a gift from Trog
 11162 | D:11     | Reached ****** piety under Trog
 11454 | D:11     | Found a staircase to the Orcish Mines.
 11463 | D:11     | Found a staircase to the Lair.
 12289 | D:12     | Noticed a skeletal warrior
 12310 | D:12     | Killed a skeletal warrior
 12517 | D:12     | Noticed a deep elf mage
 12525 | D:12     | Killed a deep elf mage
 12655 | D:12     | Noticed a wizard
 12670 | D:12     | Killed a wizard
 12707 | D:12     | Noticed a phantasmal warrior
 12728 | D:12     | HP: 7/148 [phantasmal warrior[a death knight] (9)]
 12730 | D:12     | Killed a phantasmal warrior
 13125 | D:12     | Reached skill level 14 in Polearms
 13128 | D:12     | Noticed a phantasmal warrior
 13340 | D:11     | Noticed a hill giant
 13350 | D:11     | Killed a hill giant
 13350 | D:11     | Reached XP level 12. HP: 101/106 MP: 11/11
 13379 | Lair:1   | Entered Level 1 of the Lair of Beasts
 13410 | Lair:1   | Reached skill level 10 in Fighting
 13670 | Lair:1   | Received a gift from Trog
 13800 | Lair:1   | Reached skill level 10 in Armour
 13965 | Lair:1   | Reached skill level 10 in Shields
 14746 | Lair:2   | Noticed a five-headed hydra
 14760 | Lair:1   | Killed a five-headed hydra
 14973 | Lair:2   | Reached skill level 10 in Dodging
 15045 | Lair:2   | Received a gift from Trog
 15132 | Lair:2   | Reached skill level 1 in Evocations
 15188 | Lair:2   | Noticed a death yak
 15188 | Lair:2   | Noticed a death yak
 15189 | Lair:2   | Noticed a death yak
 15191 | Lair:2   | Noticed a death yak
 15191 | Lair:2   | Noticed a death yak
 15210 | Lair:2   | Killed a death yak
 15210 | Lair:2   | Reached skill level 15 in Polearms
 15217 | Lair:2   | Killed a death yak
 15218 | Lair:2   | Killed a death yak
 15225 | Lair:2   | Killed a death yak
 15225 | Lair:2   | Reached XP level 13. HP: 116/116 MP: 13/13
 15700 | Lair:3   | Gained mutation: You are partially covered in slimy green scales. (AC +2) [potion of mutation]
 15700 | Lair:3   | Gained mutation: Your body sometimes deteriorates upon taking damage. [potion of mutation]
 15700 | Lair:3   | Gained mutation: You are clumsy. (Dex -2) [potion of mutation]
 15701 | Lair:3   | Gained mutation: Scrolls take you a little longer to read. [potion of mutation]
 15702 | Lair:3   | Lost mutation: Scrolls take you a little longer to read. [potion of cure mutation]
 15702 | Lair:3   | Lost mutation: Your body sometimes deteriorates upon taking damage. [potion of cure mutation]
 15702 | Lair:3   | Lost mutation: You are clumsy. (Dex -2) [potion of cure mutation]
 15994 | Lair:3   | Found a staircase to the Snake Pit.
 16084 | Lair:3   | Found a staircase to the Shoals.
 16140 | Lair:3   | Received a gift from Trog
 16884 | Orc:1    | Entered Level 1 of the Orcish Mines
 16983 | Orc:1    | Found Qusuod's Magic Scroll Emporium.
 17252 | Orc:2    | Entered Level 2 of the Orcish Mines
 17335 | Orc:2    | Reached skill level 16 in Polearms
 17384 | Orc:2    | Noticed Josephine
 17392 | Orc:2    | Killed Josephine
 17395 | Orc:2    | Noticed an orc warlord
 17685 | Orc:1    | Killed an orc warlord
 17971 | Orc:2    | Found a staircase to the Elven Halls.
 18008 | Orc:2    | Received a gift from Trog
 18166 | Orc:2    | Noticed Maud
 18175 | Orc:2    | Killed Maud
 18509 | Orc:2    | Noticed a deep elf annihilator
 18524 | Orc:2    | Killed a deep elf annihilator
 19026 | Orc:2    | Noticed Maurice
 19097 | Orc:2    | Killed Maurice
 19138 | Orc:2    | Reached skill level 5 in Evocations
 19139 | Orc:2    | Received a gift from Trog
 19308 | Orc:2    | Reached XP level 14. HP: 57/127 MP: 16/16
 19503 | Orc:2    | Gained mutation: Your spells are a little easier to cast, but a little less powerful. [a neqoxec]
 19508 | Orc:2    | Gained mutation: Scrolls take you a little longer to read. [a neqoxec]
 19512 | Orc:2    | Gained mutation: Scrolls take you longer to read. [a neqoxec]
 19517 | Orc:2    | Gained mutation: Your body sometimes deteriorates upon taking damage. [a neqoxec]
 19519 | Orc:2    | HP: 7/190 [smoke demon][an orc high priest] (4)]
 19519 | Orc:2    | HP: 3/190 [orc priest/mace (4)]
 19838 | Orc:2    | Reached skill level 17 in Polearms
 20027 | Orc:2    | Found Qotyod's Jewellery Shoppe.
 20030 | Orc:2    | Found Xowas's Magic Scroll Emporium.
 20031 | Orc:2    | Found Cimyah's Antique Armour Shoppe.
 20032 | Orc:2    | Found Xekli's Antique Armour Shoppe.
 20036 | Orc:2    | Bought 3 scrolls of identify for 90 gold pieces
 20046 | Orc:2    | Bought the ring "Urphepo" {rF+ rN+ Dex+5 Slay+2} for 899 gold pieces
 21348 | Lair:5   | Found a staircase to the Slime Pits.
 21349 | Lair:5   | Found a viscous altar of Jiyva.
 22079 | Lair:5   | Received a gift from Trog
 22102 | Lair:6   | Entered Level 6 of the Lair of Beasts
 22579 | Lair:6   | Reached skill level 18 in Polearms
 23288 | Lair:6   | Reached XP level 15. HP: 132/136 MP: 19/19
 23805 | D:12     | Found a snail-covered altar of Cheibriados.
 23808 | D:12     | Received a gift from Trog
 23809 | D:12     | Got a pitted triple crossbow {god gift}
 24196 | D:12     | Found a burning altar of Makhleb.
 24575 | D:13     | Found a gate to the Vaults.
 25027 | D:13     | Noticed Azrael
 25042 | D:13     | Killed Azrael
 25801 | D:14     | Noticed Snorg
 25808 | D:14     | Killed Snorg
 25878 | D:14     | Found a labyrinth entrance.
 25890 | Lab      | Entered a labyrinth
 25984 | Lab      | Got a brightly glowing quarterstaff
 26241 | Lab      | Reached skill level 19 in Polearms
 26248 | Lab      | Got a serpentine silver ring
 26250 | Lab      | Identified the +5 quarterstaff of the Hall of Blades {drain, Str+2} (You found it in a labyrinth)
 26251 | Lab      | Identified the +6 triple crossbow of Cataclysm {elec, MR+ Int+4 Dex+4} (Trog gifted it to you on level 12 of the Dungeon)
 26580 | Lair:1   | Identified the ring of Tidigril {rN+ MR++} (You found it in a labyrinth)
 26702 | D:15     | Entered Level 15 of the Dungeon
 26747 | D:15     | Received a gift from Trog
 26946 | D:15     | Found Plog's Gadget Boutique.
 26951 | D:15     | Found a portal to a secret trove of treasure.
 27588 | D:15     | Found an oddly glowing altar of Pakellas.
 28523 | D:15     | Found a staircase to the Depths.
 28603 | D:15     | Noticed Nessos
 28631 | D:15     | Killed Nessos
 29044 | D:15     | Reached XP level 16. HP: 147/147 MP: 21/21
 29310 | Snake:1  | Entered Level 1 of the Snake Pit
 30160 | Snake:2  | Reached skill level 15 in Fighting
 30162 | Snake:2  | Reached skill level 20 in Polearms
 30180 | Snake:2  | Received a gift from Trog
 30901 | Snake:2  | Reached skill level 15 in Armour
 30960 | Snake:2  | HP: 7/149 [poisoned by a black mamba]
 30960 | Snake:2  | HP: 2/149 [anaconda (3)]
 30960 | Snake:2  | Mangled by a mana viper

Vault maps used:
D:1:      saegor_arrival_simple_c
D:2:      grunt_ministairs_1
D:3:      nicolae_overflow_crystal_walls, uniq_sigmund
D:4:      wad_crossroads, overflow_temple_1_default, serial_shops,
          nicolae_shop_crystal, shop
D:5:      led_sif_pool, first_bread,
          nicolae_gozag_cash_rules_everything_around_me, uniq_eustachio
D:6:      marbit_many_paths, uniq_duvessa
D:7:      grunt_temple_overflow_diamond, basic_altar, serial_shops,
          nicolae_shop_trees
D:8:      nicolae_qazlal_style_of_elements, serial_shops, shop,
          kennysheep_small_spiral, grunt_ogre_cave, minmay_misc_feat_square,
          uniq_prince_ribbit1
D:9:      nemelex_xobeh_ov_fountains_minmay
D:10:     eino_jars
D:11:     lair_0_dummy, hiddenorc1_lemuel
D:12:     basic_altar, makhleb_altar_promises_db
D:13:     erik_vaults_1, uniq_azrael
D:14:     lab_entry_generic, serial_bayou_lagoon_a, uniq_snorg
D:15:     gammafunk_enter_depths_forms, serial_shops, shop_statue,
          nicolae_trove_entry_free_sample, grunt_pakellas_sulfur, uniq_nessos
Lair:2:   beast_lair_carwin_6, grunt_megastairs_1
Lair:3:   elwin_shoals_entry_stream, guppyfry_snake_entry_garden
Lair:4:   beast_lair_carwin_8
Lair:5:   slime_altar_1, lemuel_fruit_fields, serial_bayou_shore_a
Lair:6:   evilmike_catoblepas_cave, lemuel_fruit_tree
Snake:1:  serial_bayou_shore_b
Snake:2:  st_stairs_6, nicolae_snake_lava_pool, uniq_aizul
Orc:1:    basic_altar, serial_shops, shop_scrolls
Orc:2:    st_orc_pillars, nicolae_orc_tapped_out, uniq_maurice, uniq_maud,
          uniq_josephine
Lab:      nicolae_lab_hexagon

Skill      XL: |  1  2  3  4  5  6  7  8  9 10 11 12 13 14 15 16 |
---------------+-------------------------------------------------+-----
Polearms       | 4 5 6 8 9 11 12 13 14 15 16 18 19 20 | 20.3
Fighting       | 5 6 8 9 11 12 13 14 15 | 15.2
Shields        | 3 5 7 9 10 | 10.5
Armour         | 4 6 8 9 11 12 13 14 15 | 15.0
Dodging        | 4 5 7 9 10 | 10.1
Evocations     | 2 5 7 8 |  8.5

Action                   |  1- 3 |  4- 6 |  7- 9 | 10-12 | 13-15 | 16-18 || total
-------------------------+-------+-------+-------+-------+-------+-------++-------
Melee: Spear             |    95 |    49 |       |       |       |       ||   144
       Headbutt          |    19 |    15 |    67 |   194 |   312 |    28 ||   635
       Trident           |       |    69 |   365 |  1065 |   143 |       ||  1642
       Scythe            |       |    28 |       |       |       |       ||    28
       Glaive            |       |       |       |       |   784 |       ||   784
       Bardiche          |       |       |       |       |   423 |   139 ||   562
Invok: Berserk           |     1 |     1 |     5 |    17 |    21 |     2 ||    47
       Burn Spellbooks   |       |       |     1 |       |     3 |       ||     4
       Trog's Hand       |       |       |       |     1 |     8 |     1 ||    10
       Brothers in Arms  |       |       |       |     1 |     4 |       ||     5
Evoke: Wand              |       |       |       |       |     7 |       ||     7
       Lamp of fire      |       |       |       |       |     1 |       ||     1
  Use: Scroll            |       |       |    15 |     7 |    18 |       ||    40
       Potion            |       |       |       |       |     7 |       ||     7
 Stab: Sleeping          |     2 |       |       |       |       |       ||     2
       Distracted        |       |       |       |     2 |     2 |       ||     4
  Eat: Chunk             |     2 |     5 |    10 |    34 |    58 |     3 ||   112
       Pizza             |       |     2 |       |       |       |       ||     2
       Meat ration       |       |       |     1 |       |     2 |       ||     3
       Fruit             |       |       |     3 |       |     7 |     5 ||    15
       Royal jelly       |       |       |     1 |       |       |       ||     1
       Beef jerky        |       |       |       |     4 |     3 |       ||     7
Armor: Animal skin       |     5 |       |       |       |       |       ||     5
       Chain mail        |     6 |    46 |    75 |    71 |       |       ||   198
       Plate armour      |       |       |       |   172 |   632 |    84 ||   888
Dodge: Dodged            |    28 |    35 |    78 |   194 |   726 |   102 ||  1163
Block: Shield            |       |    26 |   100 |   339 |    69 |       ||   534
